 Dungeon Crawl Stone Soup version 0.31-a0-700-gf13585253f (webtiles) character file.

Game seed: 3183696201475597615

84 qw the Shooter (level 4, -4/28 HPs)
             Began as a Gargoyle Hunter on Sept 7, 2023.
             Slain by a gnoll
             ... wielding a +0 halberd
              (7 damage)
             ... on level 2 of the Dungeon.
             The game lasted 00:00:35 (1257 turns).

qw the Shooter (Gargoyle Hunter)                    Turns: 1257, Time: 00:00:36

Health: -4/28      AC:  9    Str: 14    XL:     4   Next: 46%
Magic:  4/4        EV: 10    Int: 10    God:
Gold:   87         SH:  0    Dex: 15    Spells: 3/3 levels left

rFire   . . .        Y - +0 shortbow
rCold   . . .        (shield currently unavailable)
rNeg    + . .        f - +0 ring mail
rPois   inf          (no helmet)
rElec   +            e - +0 cloak
rCorr   .            (no gloves)
SInv    .            (no boots)
Will    .....        (no amulet)
Stlth   +            (no ring)
HPRegen 0.24/turn    (no ring)
MPRegen 0.09/turn

%: no passive effects
@: no status effects
A: sickness immunity, AC +3, negative energy resistance 1, electricity
resistance, torment resistance 1, petrification resistance
a: no special abilities


You were on level 2 of the Dungeon.
You visited 1 branch of the dungeon, and saw 2 of its levels.

You collected 87 gold pieces.


Innate Abilities, Weirdness & Mutations

You are immune to sickness and miasma.
Your stone body is resilient. (AC +3)
You are immune to poison.
You resist negative energy. (rN+)
You are resistant to electric shocks. (rElec)
You are resistant to unholy torment.
You are immune to petrification.


   Skills:
 - Level 3.2 Fighting
 + Level 5.2 Ranged Weapons
 - Level 1.0 Armour
 - Level 1.5 Dodging
 - Level 1.1 Stealth


You had 3 spell levels left.
You didn't know any spells.
Your spell library was empty.

Inventory:

Hand Weapons
 Y - a +0 shortbow (weapon)
Armour
 b - a +0 helmet
 e - a +0 cloak (worn)
 f - a +0 ring mail (worn)
Scrolls
 a - 2 scrolls of identify
 d - a scroll of vulnerability {unknown}
Potions
 c - 2 potions of curing {unknown}

Dungeon Overview and Level Annotations

Branches:
Dungeon (2/15)

Altars:


Message History

The gnoll is severely wounded.
You hear a shout!
The gnoll barely misses you.
You shoot an arrow.
The arrow hits the gnoll but does no damage.
The gnoll is lightly wounded.
The gnoll misses you. The gnoll barely misses you.
A gnoll comes into view. It is wielding a +0 whip.
The gnoll closely misses you. The gnoll hits you but does no damage.
You shoot an arrow. The arrow hits the gnoll.
The gnoll is lightly wounded.
The gnoll hits you with a +0 club. The gnoll closely misses you.
You shoot an arrow. The arrow closely misses the gnoll.
The arrow hits the gnoll!
The gnoll is heavily wounded.
The gnoll barely misses you. x2
You shoot an arrow. The arrow hits the gnoll!
The gnoll is severely wounded.
The gnoll hits you from afar with a +0 halberd!
The gnoll hits you but does no damage. The gnoll closely misses you. x2
You shoot an arrow. The arrow hits the gnoll.
The gnoll is almost dead.
The gnoll barely misses you. The gnoll completely misses you.
You shoot an arrow. The arrow completely misses the gnoll.
The arrow hits the gnoll.
The gnoll is severely wounded.
The gnoll hits you but does no damage.
The gnoll hits you from afar with a +0 halberd!
You shoot an arrow. The arrow completely misses the gnoll.
The arrow hits the gnoll but does no damage.
The gnoll is severely wounded.
The gnoll hits you but does no damage. x2
You shoot an arrow. The arrow hits the gnoll.
You kill the gnoll!
The gnoll hits you from afar with a +0 halberd.
The gnoll hits you but does no damage. The gnoll closely misses you.
You shoot an arrow. The arrow hits the gnoll!
The gnoll is severely wounded.
The gnoll hits you from afar with a +0 halberd!
You die...

#
###########.##
#.# #.#
######.##
#..)....#
...####..#
###..# #....#
#@#..# #g##.#
#..gg...#
g.g.....####
.########


You could see 3 gnolls.

Vanquished Creatures
  Robin (D:2)
  A gnoll (D:2)
  An adder (D:2)
  A worm (D:2)
  A dart slug (D:1)
  2 ball pythons (D:1)
  2 endoplasms (D:2)
  5 giant cockroaches (D:1)
  14 goblins
  6 hobgoblins
  A kobold (D:2)
  2 bats
  4 frilled lizards (D:1)
  4 rats
45 creatures vanquished.

Notes
Turn   | Place    | Note
-------+----------+-------------------------------------------
     0 | D:1      | qw the Gargoyle Hunter began the quest for the Orb.
     0 | D:1      | Reached XP level 1. HP: 12/12 MP: 1/1
     0 | D:1      | 0 ||| qw: Version: 0.3-a-76-g4403597
     0 | D:1      | 0 ||| qw: Game counter: 593
     0 | D:1      | 0 ||| qw: Melee chars always use a shield: true
     0 | D:1      | 0 ||| qw: God list: Okawaru
     0 | D:1      | 0 ||| qw: Allow faded altars: false
     0 | D:1      | 0 ||| qw: Do Orc after clearing Dungeon:15 true
     0 | D:1      | 0 ||| qw: Do second Lair branch before Depths: true
     0 | D:1      | 0 ||| qw: Lair rune preference: random
     0 | D:1      | 0 ||| qw: Goals: Normal
     0 | D:1      | 0 ||| PLANNING D:1-11
   147 | D:1      | Reached XP level 2. HP: 17/17 MP: 2/2
   605 | D:1      | Reached XP level 3. HP: 21/21 MP: 3/3
   770 | D:1      | 770 ||| UPGRADING to +0 cloak.
   775 | D:1      | 775 ||| UPGRADING to +0 ring mail.
   785 | D:1      | 785 ||| DROPPING +0 leather armour.
   786 | D:1      | 786 ||| READING 3 scrolls labelled EBOANO MOTUIJAHO.
   787 | D:1      | 787 ||| READING scroll labelled HEAGAEH REARCHAEGHA.
   788 | D:1      | 788 ||| READING 2 scrolls of identify.
   788 | D:1      | 788 ||| IDENTIFYING grey potion
   789 | D:1      | 789 ||| DROPPING scroll of butterflies.
   790 | D:1      | 790 ||| DROPPING potion of invisibility.
   870 | D:2      | Reached skill level 1 in Armour
   877 | D:2      | Reached skill level 5 in Ranged Weapons
   878 | D:2      | Noticed Robin
   882 | D:2      | Killed Robin
   911 | D:2      | Reached XP level 4. HP: 13/27 MP: 4/4
   996 | D:2      | Reached skill level 3 in Fighting
  1240 | D:2      | 1240 ||| Stepping ~*~*~tactically~*~*~ (outnumbered).
  1242 | D:2      | 1242 ||| RETREATING.
  1254 | D:2      | HP: 7/28 [gnoll/+0 halberd (7)]
  1256 | D:2      | HP: 3/28 [gnoll/+0 halberd (5)]
  1257 | D:2      | Slain by a gnoll

Levels and vault maps discovered:
D:1:      nzn_arrival_water_spiral, layout_basic, st_stairs_14
D:2:      layout_loops_cross, kennysheep_potato, uniq_robin

Skill      XL: |  1  2  3  4 |
---------------+-------------+-----
Armour         | 1 |  1.0
Ranged Weapons | 5 |  5.2
Fighting       | 3 |  3.2
Dodging        | |  1.5
Stealth        | |  1.1

Action                     |  1- 3 |  4- 6 || total
---------------------------+-------+-------++-------
   Fire: Shortbow          |   132 |    30 ||   162
    Use: Scroll            |     3 |       ||     3
 Armour: Leather armour    |    18 |       ||    18
         Ring mail         |    61 |    14 ||    75
  Dodge: Dodged            |    59 |    14 ||    73

Table legend:
 A = Non-vault XP
 B = Vault XP
 C = Vault XP percentage of total XP
 D = Non-vault monster count
 E = Vault monster count
 F = Vault count percentage of total count
                 A         B        C        D         E       F
            +---------+---------+-------+---------+---------+-------
      Total |      82 |      39 |  32.2 |      32 |      13 |  28.9
            +---------+---------+-------+---------+---------+-------
        D:1 |      35 |       2 |   5.4 |      21 |       1 |   4.5
        D:2 |      47 |      37 |  44.0 |      11 |      12 |  52.2
            +---------+---------+-------+---------+---------+-------
